 Dungeon Crawl Stone Soup version 0.28-a0-1567-g1695149f81 (webtiles) character file.

Game seed: 12052942777759484651

532 lunkers the Changer (level 7, -2/45 (48) HPs)
             Began as a Merfolk Transmuter on Jan 19, 2022.
             Slain by an orc priest (6 damage)
             ... on level 4 of the Dungeon.
             The game lasted 00:05:43 (4969 turns).

lunkers the Changer (Merfolk Transmuter)            Turns: 4969, Time: 00:05:43

HP:   -2/45 (48)    AC:  2    Str: 10    XL:     7   Next: 24%
MP:   8/10          EV: 20    Int: 15    God:
Gold: 126           SH:  0    Dex: 19    Spells: 4/10 levels left

rFire   . . .      SeeInvis .     - Unarmed
rCold   . . .      Faith    .   (shield currently unavailable)
rNeg    . . .      Spirit   .   (armour currently unavailable)
rPois   x          Reflect  .   (helmet currently unavailable)
rElec   .          Harm     .   (cloak currently unavailable)
rCorr   .          Rampage  .   (gloves currently unavailable)
Will    .....                   (boots currently unavailable)
Stlth   ++........              (no amulet)
HPRegen 0.15/turn               (no ring)
MPRegen 0.12/turn               (no ring)

@: spider-form (expiring), drained
A: venomous fangs, tiny, (nimble swimmer 2), (mertail)
a: End Transformation


You were on level 4 of the Dungeon.
You were a venomous arachnid creature.
You visited 1 branch of the dungeon, and saw 4 of its levels.

You collected 126 gold pieces.

Inventory:

Armour
 a - a +0 robe (melded)
 l - a +0 cloak (melded)
 m - a +1 leather armour of willpower
 n - a +2 leather armour of poison resistance
Scrolls
 b - a scroll of summoning {unknown}
 c - 3 scrolls of identify {unknown}
 i - a scroll of fog {unknown}
 k - a scroll of brand weapon {unknown}
Potions
 d - a potion of invisibility {unknown}
 e - a potion of cancellation {unknown}
 f - a potion of heal wounds {unknown}
 g - 4 potions of degeneration {unknown}
 h - 4 potions of attraction {unknown}
 j - a potion of flight {unknown}


   Skills:
 + Level 1.1 Fighting
 + Level 2.7 Dodging
 * Level 6.9 Unarmed Combat
 - Level 2.0 Spellcasting
 - Level 7.0 Transmutations


You had 4 spell levels left.
You knew the following spells:

 Your Spells              Type           Power      Damage    Failure   Level
b - Wereblood             Tmut           22%        N/A       8%          2
c - Spider Form           Tmut/Pois      12%        N/A       34%         3
p - Beastly Appendage     Tmut           44%        N/A       6%          1

Your spell library contained the following spells:

 Spells                   Type           Power      Damage    Failure   Level
 Ice Form                 Ice/Tmut       12%        N/A       67%         4


Dungeon Overview and Level Annotations

Branches:
Dungeon (4/15)
 Temple: D:4-7

Altars:
Kikubaaqudgha


Innate Abilities, Weirdness & Mutations

You are a venomous arachnid creature.
You have poisonous fangs.
You are tiny and dextrous.
Your spellcasting is less reliable in this form.
Your armour is entirely melded.
You are incapable of wielding weapons or throwing items.
((You are very nimble when in or above water. (Stealth+, EV+, Speed+++)))
((Your lower body shifts to a powerful aquatic tail in water.))


Message History

The orc closely misses you.
The orc shouts!
You bite the orc!
You kill the orc!
The orc drinks a potion.
The orc seems to speed up.
An orc priest comes into view. It is wielding a +0 hand axe.
The orc closely misses you.
Things that are here:
a +0 hand axe; an orc corpse The orc priest shouts!
You hit the orc.
The orc is poisoned.
The orc is severely wounded.
The orc closely misses you.
You hit the orc.
You kill the orc!
The orc completely misses you. The orc closely misses you.
You bite the orc!
You kill the orc!
The orc priest calls down the wrath of Beogh upon you.
Beogh smites you!
* * * LOW HITPOINT WARNING * * *
Your transformation is almost over.
The orc priest hits you with a +0 hand axe.
* * * LOW HITPOINT WARNING * * *
Things that are here:
a +0 trident; 10 gold pieces You hit the orc priest.
The orc priest is lightly wounded.
The orc priest invokes the aid of Beogh against you.
Beogh smites you!
* * * LOW HITPOINT WARNING * * *
You hit the orc priest.
The orc priest is poisoned.
The orc priest is moderately wounded.
The orc priest calls down the wrath of Beogh upon you.
Pain shoots through your body!
* * * LOW HITPOINT WARNING * * *
You completely miss the orc priest.
The orc priest is moderately wounded.
The orc priest hits you with a +0 hand axe.
You die...

#..†.......#
#.).[......#
#.)........#
##))........#
#.............#
###.#####.##### #.
#..# ## #. ##o##
..
#.######.s###.####
#....(..>)......)#
#....####.)##.#..#
.. #..<..#
#........#
#...#.#.## ###.#.#
.# #.. # ##..


You could see an orc priest (very poisoned).

Vanquished Creatures
  Grinder (D:3)
  A hound (D:4)
  2 orc priests
  Crazy Yiuf (D:2)
  An orc wizard (D:4)
  A hound skeleton (D:4)
  3 adders
  4 gnolls
  2 worms (D:2)
  3 dart slugs
  16 orcs
  4 bats
  2 bat zombies (D:2)
  5 endoplasms
  4 giant cockroaches
  7 hobgoblins
  8 jackals
  5 ball pythons
  2 frilled lizards
  6 goblins
  10 kobolds
  7 rats
95 creatures vanquished.

Vanquished Creatures (others)
  A withered plant (D:2)
1 creature vanquished.

Grand Total: 96 creatures vanquished

Notes
Turn   | Place    | Note
-------+----------+-------------------------------------------
     0 | D:1      | lunkers the Merfolk Transmuter began the quest for the Orb.
     0 | D:1      | Reached XP level 1. HP: 15/15 MP: 3/3
   141 | D:1      | Reached skill level 3 in Transmutations
   340 | D:1      | Reached XP level 2. HP: 13/21 MP: 3/5
  1119 | D:1      | Reached XP level 3. HP: 6/26 MP: 4/6
  1123 | D:1      | Learned a level 3 spell: Spider Form
  1126 | D:1      | Learned a level 2 spell: Wereblood
  1922 | D:2      | Reached XP level 4. HP: 29/32 MP: 7/7
  2051 | D:2      | Reached skill level 4 in Transmutations
  2092 | D:2      | Found a runed translucent door.
  2093 | D:2      | Noticed Crazy Yiuf
  2739 | D:2      | Found a faded altar of an unknown god.
  3041 | D:2      | Reached skill level 5 in Unarmed Combat
  3306 | D:2      | Killed Crazy Yiuf
  3307 | D:2      | Reached XP level 5. HP: 37/37 MP: 4/8
  3388 | D:3      | Reached skill level 5 in Transmutations
  3659 | D:3      | Found an ancient bone altar of Kikubaaqudgha.
  4004 | D:3      | Noticed Grinder
  4013 | D:3      | Paralysed by Grinder for 2 turns
  4017 | D:3      | Killed Grinder
  4018 | D:3      | Reached skill level 6 in Transmutations
  4018 | D:3      | Reached XP level 6. HP: 40/43 MP: 3/9
  4533 | D:4      | Reached XP level 7. HP: 43/48 MP: 7/10
  4610 | D:4      | Reached skill level 7 in Transmutations
  4969 | D:4      | Slain by an orc priest

Illustrated notes

Levels and vault maps discovered:
D:1:      beargit_arrival_greenhouse, layout_loops_ring, minmay_unequal
D:2:      layout_basic, serial_undead, serial_undead_a, serial_undead_c,
          serial_undead_c, serial_undead_c, basic_ecumenical_altar,
          uniq_crazy_yiuf_cottage
D:3:      layout_loops_ring, amcnicky_altar_gilded, uniq_grinder
D:4:      layout_basic, serial_shops, shop, minivault_23, uniq_menkaure

Skill      XL: |  1  2  3  4  5  6  7 |
---------------+----------------------+-----
Transmutations | 3 4 6 7 |  7.0
Unarmed Combat | 4 5 6 |  6.9
Fighting       | |  1.1
Dodging        | |  2.7
Spellcasting   | |  2.0

Action                   |  1- 3 |  4- 6 |  7- 9 || total
-------------------------+-------+-------+-------++-------
Melee: Unarmed           |    83 |   141 |    45 ||   269
       Headbutt          |     6 |       |       ||     6
       Punch             |     1 |     1 |       ||     2
 Cast: Beastly Appendage |    12 |       |       ||    12
       Spider Form       |     1 |    21 |     4 ||    26
 Stab: Sleeping          |       |     3 |       ||     3
Armor: Robe              |    17 |     8 |     3 ||    28
       Skin              |       |     3 |     1 ||     4
Dodge: Dodged            |    43 |    92 |    30 ||   165

Table legend: (Time is in decaauts)
 A = Elapsed time spent in this place.
 B = Non-inter-level travel time spent in this place.
 C = Inter-level travel time spent in this place.
 D = Time resting spent in this place.
 E = Time spent auto-exploring this place.
 F = Levels seen in this place.
 G = Mean time per level.
                   A        B        C        D        E       F      G
               +--------+--------+--------+--------+--------+-----+--------+
         Total |   4945 |   4896 |     49 |    829 |   3374 |   4 | 1236.2 |
       Dungeon |   4945 |   4896 |     49 |    829 |   3374 |   4 | 1236.2 |
               +--------+--------+--------+--------+--------+-----+--------+

Top non-repeatable levels by time:
     D:1: 1715 daAuts
     D:2: 1643 daAuts
     D:3: 1266 daAuts
     D:4: 320 daAuts
